Map: Frozen Temple

Players

Fropez - Winner!

  • Race: Protoss Protoss
  • League: Gold
  • Spawn Location: 5:00

Brad

  • Race: Terran Terran
  • League: Gold
  • Spawn Location: 11:00

VOD

Have the link to the VOD?

Description

Time

  • Played on: Nov. 10, 2016, 3:52 p.m.
  • Length: 9:04
Show
View Real Time Build Order
Export as new Build Order

Fropez Protoss - Winner!

Build Orders:  

Get SALT Encoding   

  12  0:01  Probe (Chrono Boost)  
  13  0:12  Probe (Chrono Boost)  
  14  0:20  Pylon  
  14  0:22  Probe (Chrono Boost)  
  15  0:38  Probe (Chrono Boost)  
  15  0:40  Gateway  
  16  0:45  Assimilator  
  16  0:49  Probe (Chrono Boost)  
  17  0:59  Probe (Chrono Boost)  
  18  1:04  Gateway  
  18  1:10  Probe (Chrono Boost)  
  19  1:22  Probe (Chrono Boost)  
  20  1:29  Cybernetics Core  
  21  1:32  Probe (Chrono Boost)  
  21  1:36  Assimilator  
  21  1:43  Probe (Chrono Boost)  
  22  1:52  Pylon  
  22  2:05  Warp Gate (Chrono Boost)  
  22  2:10  Adept (Chrono Boost)  
  22  2:14  Adept (Chrono Boost)  
  28  2:30  Mothership Core  
  28  2:37  Pylon  
  28  2:40  Pylon  
  28  2:46  Adept (Chrono Boost)  
  30  2:52  Pylon, Probe  
  30  2:55  Adept  
  33  3:04  Probe  
  34  3:16  Probe  
  35  3:23  Nexus  
  35  3:27  Gateway  
  32  4:02  Probe  
  32  4:11  Gateway  
  32  4:15  Gateway  
  32  4:21  Stalker  
  32  4:22  Stalker  
  36  4:26  Probe  
  37  4:38  Probe  
  38  4:51  Probe, Robotics Facility  
  39  4:52  Pylon  
  39  4:57  Assimilator  
  39  5:03  Probe  
  39  5:06  Adept x2  
  44  5:07  Twilight Council  
  44  5:11  Probe  
  45  5:18  Stalker x2  
  49  5:33  Probe  
  49  5:34  Probe  
  47  5:57  Stalker x5  
  57  6:04  Immortal  
  57  6:06  Probe  
  57  6:10  Assimilator  
  58  6:14  Probe  
  59  6:21  Adept x2  
  63  6:43  Immortal  
  67  6:54  Sentry  
  67  7:00  Pylon  
  69  7:07  Pylon  
  69  7:10  Pylon, Blink (Chrono Boost)  
  69  7:18  Probe  
  70  7:24  Warp Prism  
  70  7:25  Probe  
  73  7:31  Sentry x5  
  83  7:53  Gateway  
  83  7:58  Stalker x3  
  81  7:59  Dark Shrine  
  59  8:43  Stalker  
  59  8:44  Probe, Stalker x4  
  59  8:45  Probe  
Show
View Real Time Build Order
Export as new Build Order

Brad Terran 

Build Orders:  

Get SALT Encoding   

  12  0:00  SCV  
  13  0:12  SCV  
  14  0:18  Supply Depot  
  14  0:25  SCV  
  15  0:28  Refinery  
  15  0:40  SCV  
  16  0:46  Barracks  
  16  0:54  SCV  
  17  1:06  SCV  
  17  1:08  Supply Depot  
  18  1:18  SCV  
  19  1:33  Orbital Command  
  19  1:36  Factory  
  19  1:51  Refinery  
  19  1:58  SCV  
  20  2:10  SCV  
  21  2:17  Command Center  
  21  2:20  Factory Tech Lab  
  21  2:24  SCV  
  22  2:36  Barracks Tech Lab  
  22  2:38  SCV  
  23  2:50  SCV  
  24  3:02  Marine, SCV  
  24  3:04  Siege Tank  
  28  3:19  Bunker  
  28  3:20  Marine, SCV  
  29  3:32  SCV  
  30  3:43  Marine  
  31  3:50  SCV  
  27  3:58  Siege Tank  
  27  4:01  Marine  
  31  4:14  SCV  
  30  4:17  Supply Depot  
  30  4:18  Marine  
  31  4:30  Bunker  
  31  4:38  Marine, SCV  
  31  4:43  Starport  
  33  4:50  SCV  
  34  4:54  Stimpack  
  34  4:56  Marine  
  35  5:03  SCV  
  36  5:11  Supply Depot  
  36  5:14  Marine  
  36  5:15  SCV  
  38  5:27  SCV  
  38  5:45  SCV  
  36  5:51  Marine  
  34  5:58  SCV  
  34  6:05  Liberator  
  34  6:09  Marine  
  34  6:10  SCV  
  36  6:15  Command Center  
  36  6:22  SCV  
  38  6:39  Marine  
  39  6:40  Factory Tech Lab  
  39  6:51  Barracks x2  
  39  6:54  SCV  
  40  6:56  Marine  
  41  7:05  Command Center  
  41  7:06  SCV  
  42  7:14  Marine  
  43  7:15  Command Center  
  43  7:22  Siege Tank  
  45  7:32  Marine  
  46  7:37  Supply Depot  
  46  7:47  Bunker  
  46  7:50  Marine  
  47  8:01  Barracks Reactor  
  47  8:02  Barracks Reactor  
  47  8:08  Marine  
  47  8:15  Command Center  
  36  8:43  Marine x4  
Tags
 
League
GoldGold
Matchup
PvT
Replay Pack
All Mines
Spawn Locations
Cross Positions
Add a new tag
Caveats
  • Supply blocks, unpowered buildings, or Contaminate may cause inaccurate times.
  • Supply counts are checked every 10 seconds.